[ PARTIDA AOE2 · #495166598 ]
UnrankedMongoles vs Sicilians
Equipo del jugador · VICT
Equipo rival · DERR
[ ANÁLISIS DE REPETICIÓN · EXTRAÍDO DE LA PARTIDA GRABADA ]
Feudal
9:04
Castillos
29:20
Imperial
—
| APM promedio | 25.1 |
| APM pico | 59 |
| eAPM promedio | 16.1 |
| Aldeanos / militares | 102 / 6 |
Foco
⚔️ 21.2% · 🌾 78.8%
Fishing Ship ×17 · Fire Galley ×4 · Unknown (2626) ×3 · Mangonel ×2
Feudal
—
Castillos
—
Imperial
—
| APM promedio | 32.3 |
| APM pico | 79 |
| eAPM promedio | 19.5 |
| Aldeanos / militares | 72 / 0 |
Foco
⚔️ 21.0% · 🌾 79.0%
Fishing Ship ×19
Mapa de la partida
Recursos iniciales + cada clic de construcción. Líneas = muros · curvas = relieve. ◆ oro · ⬟ piedra · ● bayas · ✦ reliquia · ◌ hueco del cierre
Tu base· Abierta — hueco de 14t
Base de ChuckieMagnets· Abierta — flanco sin cerrar
Terreno inicial suavizado · ◌ = hueco del cierre detectado · pasá el cursor para detalles
Inputs por minuto
— Cristoram - - ChuckieMagnets
Build order — Cristoram
Primeras 150 de 200 acciones detectadas
| 0:02 | Crear | Villager (Male) ×4 |
| 0:03 | Construir | House |
| 0:05 | Construir | House |
| 1:19 | Crear | Villager (Male) |
| 1:19 | Crear | Villager (Male) |
| 1:33 | Construir | Lumber Camp |
| 1:49 | Crear | Villager (Male) |
| 1:49 | Crear | Villager (Male) |
| 2:12 | Crear | Villager (Male) |
| 2:12 | Crear | Villager (Male) |
| 2:56 | Crear | Villager (Male) |
| 2:56 | Crear | Villager (Male) |
| 2:56 | Crear | Villager (Male) |
| 3:32 | Construir | Dock |
| 3:34 | Construir | Palisade Wall |
| 3:37 | Crear | Villager (Male) |
| 3:38 | Crear | Villager (Male) |
| 3:54 | Construir | House |
| 4:02 | Crear | Villager (Male) |
| 4:03 | Crear | Villager (Male) |
| 4:21 | Crear | Fishing Ship |
| 4:36 | Crear | Villager (Male) |
| 4:36 | Crear | Villager (Male) |
| 4:36 | Crear | Villager (Male) |
| 4:49 | Crear | Villager (Male) |
| 4:49 | Crear | Villager (Male) |
| 4:50 | Crear | Villager (Male) |
| 5:06 | Construir | House |
| 5:09 | Crear | Fishing Ship |
| 5:34 | Crear | Villager (Male) |
| 5:41 | Crear | Fishing Ship |
| 6:24 | Crear | Villager (Male) |
| 6:54 | Investigar | Feudal Age |
| 6:54 | Investigar | Feudal Age |
| 7:12 | Investigar | Loom |
| 7:23 | Construir | Mining Camp |
| 7:52 | Crear | Villager (Male) |
| 7:57 | Construir | Palisade Wall |
| 8:24 | Construir | Palisade Wall |
| 8:54 | Construir | Dock |
| 8:59 | Crear | Villager (Male) |
| 9:04 | Edad | Edad Feudal |
| 9:12 | Investigar | Double-Bit Axe |
| 9:12 | Crear | Villager (Male) |
| 9:19 | Construir | House |
| 9:36 | Crear | Villager (Male) |
| 9:52 | Crear | Unit 2626 |
| 9:58 | Construir | House |
| 10:01 | Crear | Villager (Male) |
| 10:16 | Crear | Fishing Ship |
| 10:19 | Crear | Villager (Male) |
| 10:31 | Crear | Fire Galley |
| 10:33 | Crear | Villager (Male) |
| 10:39 | Crear | Villager (Male) |
| 11:03 | Crear | Fire Galley |
| 11:37 | Construir | Town Center |
| 12:01 | Construir | House |
| 12:17 | Crear | Villager (Male) |
| 12:18 | Crear | Villager (Male) |
| 12:18 | Crear | Villager (Male) |
| 12:38 | Crear | Villager (Male) |
| 12:46 | Construir | Blacksmith |
| 12:51 | Crear | Villager (Male) |
| 13:09 | Crear | Villager (Male) |
| 13:24 | Crear | Villager (Male) |
| 13:56 | Crear | Villager (Male) |
| 14:46 | Crear | Villager (Male) |
| 15:01 | Crear | Villager (Male) |
| 15:03 | Crear | Fishing Ship |
| 15:13 | Crear | Fishing Ship |
| 15:15 | Investigar | Tech 906 |
| 15:16 | Crear | Villager (Male) |
| 15:20 | Construir | Lumber Camp |
| 15:37 | Crear | Villager (Male) |
| 15:45 | Crear | Fishing Ship |
| 15:55 | Construir | House |
| 15:59 | Investigar | Fletching |
| 16:09 | Construir | Mining Camp |
| 16:30 | Crear | Villager (Male) |
| 16:33 | Crear | Fishing Ship |
| 16:33 | Crear | Fishing Ship |
| 17:09 | Construir | Mining Camp |
| 17:12 | Construir | House |
| 17:37 | Construir | Palisade Wall |
| 17:41 | Construir | Palisade Wall |
| 17:43 | Construir | Palisade Wall |
| 17:49 | Construir | Dock |
| 17:54 | Crear | Villager (Male) |
| 18:08 | Construir | Palisade Wall |
| 18:10 | Construir | Palisade Wall |
| 18:14 | Crear | Villager (Male) |
| 18:15 | Crear | Villager (Male) |
| 18:37 | Crear | Villager (Male) |
| 19:14 | Crear | Unit 2626 |
| 19:20 | Crear | Villager (Male) |
| 19:49 | Construir | Palisade Wall |
| 19:51 | Construir | Palisade Wall |
| 19:57 | Crear | Villager (Male) |
| 19:57 | Crear | Villager (Male) |
| 20:22 | Crear | Villager (Male) |
| 20:23 | Crear | Villager (Male) |
| 20:36 | Crear | Villager (Male) |
| 20:36 | Crear | Villager (Male) |
| 20:47 | Crear | Villager (Male) |
| 21:04 | Crear | Villager (Male) |
| 21:11 | Crear | Villager (Male) |
| 21:24 | Construir | Dock |
| 21:29 | Crear | Fishing Ship |
| 21:32 | Crear | Fire Galley |
| 21:34 | Crear | Villager (Male) |
| 21:41 | Crear | Villager (Male) |
| 21:45 | Construir | House |
| 22:07 | Construir | House |
| 22:14 | Crear | Villager (Male) |
| 22:37 | Construir | Watch Tower |
| 22:40 | Crear | Fishing Ship |
| 22:42 | Crear | Fishing Ship |
| 22:45 | Crear | Fishing Ship |
| 22:47 | Crear | Villager (Male) |
| 23:04 | Crear | Villager (Male) |
| 23:11 | Construir | Lumber Camp |
| 23:45 | Construir | House |
| 23:50 | Crear | Villager (Male) |
| 24:03 | Crear | Villager (Male) |
| 24:18 | Crear | Villager (Male) |
| 24:26 | Construir | Lumber Camp |
| 24:33 | Investigar | Town Watch |
| 24:46 | Construir | Stone Wall |
| 24:47 | Construir | Stone Wall |
| 24:49 | Crear | Villager (Male) |
| 24:51 | Construir | House |
| 24:55 | Crear | Villager (Male) |
| 25:13 | Construir | Mill |
| 25:27 | Construir | Mill |
| 25:33 | Construir | Mining Camp |
| 25:38 | Construir | Market |
| 25:45 | Construir | Market |
| 26:24 | Investigar | Castle Age |
| 26:24 | Investigar | Castle Age |
| 26:45 | Construir | Palisade Wall |
| 27:10 | Construir | Dock |
| 27:15 | Construir | Palisade Wall |
| 27:24 | Construir | House |
| 27:26 | Crear | Fishing Ship |
| 28:00 | Construir | Lumber Camp |
| 28:23 | Crear | Unit 2626 |
| 28:36 | Construir | House |
| 28:52 | Crear | Villager (Male) |
| 29:09 | Construir | House |
| 29:10 | Crear | Fishing Ship |
Build order — ChuckieMagnets
144 acciones detectadas en el replay
| 0:00 | Crear | Villager (Male) |
| 0:01 | Crear | Villager (Male) |
| 0:03 | Construir | House |
| 0:05 | Construir | House |
| 0:12 | Crear | Villager (Male) |
| 0:12 | Crear | Villager (Male) |
| 1:35 | Crear | Villager (Male) |
| 1:44 | Construir | Lumber Camp |
| 2:04 | Crear | Villager (Male) |
| 2:30 | Crear | Villager (Male) |
| 2:48 | Crear | Villager (Male) |
| 3:00 | Construir | House |
| 3:17 | Crear | Villager (Male) |
| 3:43 | Crear | Villager (Male) |
| 4:11 | Crear | Villager (Male) |
| 4:20 | Construir | Dock |
| 4:31 | Construir | House |
| 4:41 | Crear | Villager (Male) |
| 4:41 | Crear | Villager (Male) |
| 5:17 | Crear | Villager (Male) |
| 5:19 | Crear | Fishing Ship |
| 5:45 | Crear | Villager (Male) |
| 5:45 | Crear | Villager (Male) |
| 5:51 | Crear | Fishing Ship |
| 6:33 | Crear | Villager (Male) |
| 6:34 | Investigar | Loom |
| 6:37 | Crear | Fishing Ship |
| 6:58 | Construir | House |
| 7:05 | Construir | Palisade Wall |
| 7:26 | Construir | Palisade Wall |
| 7:28 | Crear | Villager (Male) |
| 7:58 | Construir | Town Center |
| 8:26 | Crear | Villager (Male) |
| 8:26 | Crear | Villager (Male) |
| 8:32 | Crear | Fishing Ship |
| 9:08 | Construir | Palisade Wall |
| 9:12 | Construir | Palisade Wall |
| 9:15 | Crear | Villager (Male) |
| 9:18 | Crear | Fishing Ship |
| 9:22 | Construir | Palisade Wall |
| 9:24 | Construir | Palisade Wall |
| 9:29 | Construir | Palisade Wall |
| 9:37 | Crear | Fishing Ship |
| 9:40 | Construir | Palisade Wall |
| 9:47 | Crear | Villager (Male) |
| 9:56 | Crear | Villager (Male) |
| 10:03 | Construir | House |
| 10:09 | Crear | Fishing Ship |
| 10:34 | Construir | House |
| 10:49 | Crear | Villager (Male) |
| 11:25 | Construir | Palisade Wall |
| 12:00 | Construir | Town Center |
| 12:03 | Construir | House |
| 12:17 | Construir | Mill |
| 12:36 | Construir | Dock |
| 12:50 | Construir | Lumber Camp |
| 13:17 | Crear | Villager (Male) |
| 13:34 | Crear | Fishing Ship |
| 13:57 | Crear | Villager (Male) |
| 13:58 | Crear | Fishing Ship |
| 14:14 | Crear | Fishing Ship |
| 14:41 | Crear | Villager (Male) |
| 15:01 | Crear | Fishing Ship |
| 15:13 | Crear | Villager (Male) |
| 15:37 | Crear | Villager (Male) |
| 16:07 | Crear | Villager (Male) |
| 16:23 | Crear | Fishing Ship |
| 16:36 | Crear | Villager (Male) |
| 17:09 | Construir | Palisade Wall |
| 17:13 | Construir | Palisade Wall |
| 17:24 | Crear | Villager (Male) |
| 17:31 | Construir | House |
| 17:38 | Crear | Fishing Ship |
| 18:08 | Crear | Villager (Male) |
| 18:15 | Construir | House |
| 18:45 | Crear | Villager (Male) |
| 18:49 | Construir | Dock |
| 19:02 | Construir | Palisade Wall |
| 19:34 | Crear | Villager (Male) |
| 19:52 | Crear | Fishing Ship |
| 20:04 | Construir | House |
| 20:10 | Crear | Villager (Male) |
| 20:24 | Crear | Fishing Ship |
| 20:27 | Crear | Villager (Male) |
| 20:50 | Construir | House |
| 20:55 | Construir | Lumber Camp |
| 21:04 | Construir | House |
| 21:11 | Crear | Villager (Male) |
| 21:19 | Crear | Fishing Ship |
| 21:51 | Crear | Villager (Male) |
| 21:55 | Crear | Fishing Ship |
| 22:11 | Construir | House |
| 22:22 | Construir | House |
| 22:29 | Crear | Villager (Male) |
| 22:46 | Crear | Villager (Male) |
| 22:50 | Crear | Fishing Ship |
| 23:23 | Crear | Villager (Male) |
| 23:47 | Construir | House |
| 23:54 | Crear | Villager (Male) |
| 24:02 | Crear | Fishing Ship |
| 24:30 | Crear | Villager (Male) |
| 24:53 | Crear | Villager (Male) |
| 25:05 | Crear | Villager (Male) |
| 25:05 | Crear | Villager (Male) |
| 25:48 | Crear | Villager (Male) |
| 25:54 | Crear | Villager (Male) |
| 25:54 | Crear | Villager (Male) |
| 26:31 | Crear | Villager (Male) |
| 27:40 | Construir | Town Center |
| 27:48 | Construir | Lumber Camp |
| 28:11 | Crear | Villager (Male) |
| 28:11 | Crear | Villager (Male) |
| 28:17 | Construir | Lumber Camp |
| 28:23 | Crear | Villager (Male) |
| 28:23 | Crear | Villager (Male) |
| 28:24 | Crear | Villager (Male) |
| 28:32 | Crear | Villager (Male) |
| 29:44 | Crear | Villager (Male) |
| 30:09 | Construir | Palisade Wall |
| 30:15 | Construir | House |
| 30:32 | Construir | Lumber Camp |
| 30:40 | Construir | Farm |
| 30:51 | Construir | House |
| 30:53 | Crear | Villager (Male) |
| 31:00 | Construir | Farm |
| 31:04 | Construir | Farm |
| 31:15 | Crear | Villager (Male) |
| 31:22 | Construir | House |
| 31:26 | Construir | Mining Camp |
| 31:42 | Crear | Villager (Male) |
| 31:46 | Construir | House |
| 32:09 | Crear | Villager (Male) |
| 32:09 | Crear | Villager (Male) |
| 32:24 | Crear | Villager (Male) |
| 32:24 | Crear | Villager (Male) |
| 32:54 | Crear | Villager (Male) |
| 32:54 | Crear | Villager (Male) |
| 32:55 | Crear | Villager (Male) |
| 34:04 | Construir | House |
| 34:20 | Construir | House |
| 34:39 | Crear | Villager (Male) |
| 35:21 | Crear | Villager (Male) |
| 35:53 | Crear | Villager (Male) |
| 37:01 | Crear | Villager (Male) |
Cronología de la partida
| 3:32 | Cristoram · first_building Dock |
| 3:34 | Cristoram · wall_segment Palisade Wall x1 |
| 4:20 | ChuckieMagnets · first_building Dock |
| 7:05 | ChuckieMagnets · wall_segment Palisade Wall x6 |
| 7:26 | ChuckieMagnets · wall_segment Palisade Wall x1 |
| 7:57 | Cristoram · wall_segment Palisade Wall x1 |
| 8:24 | Cristoram · wall_segment Palisade Wall x1 |
| 9:04 | Cristoram · age_up feudal |
| 9:08 | ChuckieMagnets · wall_segment Palisade Wall x1 |
| 9:12 | ChuckieMagnets · wall_segment Palisade Wall x1 |
| 9:22 | ChuckieMagnets · wall_segment Palisade Wall x1 |
| 9:24 | ChuckieMagnets · wall_segment Palisade Wall x1 |
| 9:29 | ChuckieMagnets · wall_segment Palisade Wall x1 |
| 9:40 | ChuckieMagnets · wall_segment Palisade Wall x1 |
| 11:25 | ChuckieMagnets · wall_segment Palisade Wall x1 |
| 17:09 | ChuckieMagnets · wall_segment Palisade Wall x1 |
| 17:13 | ChuckieMagnets · wall_segment Palisade Wall x1 |
| 17:37 | Cristoram · wall_segment Palisade Wall x1 |
| 17:41 | Cristoram · wall_segment Palisade Wall x1 |
| 17:43 | Cristoram · wall_segment Palisade Wall x1 |
| 18:08 | Cristoram · wall_segment Palisade Wall x1 |
| 18:10 | Cristoram · wall_segment Palisade Wall x1 |
| 19:02 | ChuckieMagnets · wall_segment Palisade Wall x1 |
| 19:49 | Cristoram · wall_segment Palisade Wall x1 |
| 19:51 | Cristoram · wall_segment Palisade Wall x1 |
| 24:46 | Cristoram · wall_segment Stone Wall x2 |
| 24:47 | Cristoram · wall_segment Stone Wall x1 |
| 26:17 | Cristoram · first_market_sell 100 food |
| 26:45 | Cristoram · wall_segment Palisade Wall x1 |
| 27:15 | Cristoram · wall_segment Palisade Wall x1 |
| 29:20 | Cristoram · age_up castle |
| 30:09 | ChuckieMagnets · wall_segment Palisade Wall x8 |
| 32:41 | Cristoram · first_building Siege Workshop |
| 37:44 | ChuckieMagnets · resign |
[ ANÁLISIS IA · 1 CRÉDITO ]
¿Qué pasó realmente en esta partida?
Wolo.gg analiza cada decisión: build order, eco, micro, errores típicos por bracket. Análisis personalizado por WhatsApp o Discord en 30 segundos.
Guía civ
Mongoles
Perfil
Cristoram